 Dungeon Crawl Stone Soup version 0.20-a0-214-gb74cb0e (webtiles) character file.

88 Lochraine the Chopper (level 4, 0/61 HPs)
             Began as a Hill Orc Monk on Nov 27, 2016.
             Succumbed to kobold's curare-tipped needle
             ... on level 3 of the Dungeon.
             The game lasted 00:03:49 (2113 turns).

Lochraine the Chopper (Hill Orc Monk)               Turns: 2113, Time: 00:03:50

Health: 0/61       AC: 22    Str: 11 (14) XL:     4   Next: 54%
Magic:  2/4        EV:  2    Int:  9 (10) God:
Gold:   145        SH:  0    Dex: 10 (13) Spells: 3/3 levels left

rFire  . . .     SeeInvis .     a - +0 hand axe
rCold  . . .     Gourm    .     (armour currently unavailable)
rNeg   + + +     Faith    .     (no shield)
rPois  +         Spirit   +     (helmet currently unavailable)
rElec  .         Reflect  .     (cloak currently unavailable)
rCorr  .         Harm     .     (gloves currently unavailable)
MR     .....     NoTele   +     (boots currently unavailable)
Stlth  ++........               k - amulet of guardian spirit
                                (no ring)
                                (no ring)

@: lethally poisoned (0 -> -25), tree-form, very slightly contaminated, hasted
and slowed, invisible
A: no striking features
a: no special abilities


You were on level 3 of the Dungeon.
You were not hungry.
You were a tree.
You visited 1 branch of the dungeon, and saw 3 of its levels.

You collected 145 gold pieces.

Inventory:

Hand Weapons
 a - a +0 hand axe (weapon)
Armour
 b - a +0 robe
 d - a +0 pair of gloves (melded)
 f - a +0 cloak (melded)
 g - a +0 leather armour
 p - a +0 plate armour (melded)
Jewellery
 k - an amulet of guardian spirit (around neck)
 l - an uncursed amulet of harm {unknown}
Scrolls
 j - 3 scrolls of identify {unknown}
 o - a scroll of remove curse {unknown}
 s - a scroll of magic mapping {unknown}
 t - a scroll of fear {unknown}
 v - a scroll of amnesia {unknown}
 w - a scroll of enchant armour {unknown}
 x - a scroll of teleportation {unknown}
Comestibles
 c - a bread ration
 h - a slice of pizza
 i - 2 meat rations


   Skills:
 + Level 4.6 Fighting
 * Level 5.7 Axes
 + Level 1.4 Armour
 - Level 2.4 Dodging
 - Level 1.5 Stealth


You had 3 spell levels left.
You didn't know any spells.

Dungeon Overview and Level Annotations

Branches:
Dungeon (3/15)

Altars:
Dithmenos
Qazlal
Ru
Trog
Vehumet


Message History

* * * LOW HITPOINT WARNING * * *
You feel sick.
It was a potion of flight.
You feel very buoyant.
You fly up into the air.
* * * LOW HITPOINT WARNING * * *
You feel very sick.
It was a potion of degeneration.
There was something very wrong with that liquid.
You feel weakened.
You feel dopey.
You feel clumsy.
* * * LOW HITPOINT WARNING * * *
You feel sick.
The kobold unwields an uncursed blowgun.
The kobold hits you but does no damage.
It was a potion of lignification.
You turn into a tree.
Your +0 cloak melds into your body.
Your +0 pair of gloves melds into your body.
Your +0 plate armour melds into your body.
Your roots penetrate the ground.
You die...

#######.#
....##..##
##.....).#
#.......##
##._.....##
#........(#
.....⌠.._.#
.......(..#
.#.....♣..#
#..._.K..#
...#......#
##.#.#..###
......#
########


You could see a kobold.

Vanquished Creatures
  4 adders (D:2)
  A worm (D:2)
  2 dart slugs
  A leopard gecko (D:1)
  2 giant cockroaches (D:2)
  5 hobgoblins (D:1)
  2 jackals (D:2)
  10 bats
  7 frilled lizards
  6 goblins
  4 kobolds
  7 rats
51 creatures vanquished.

Notes
Turn   | Place    | Note
-------+----------+-------------------------------------------
     0 | D:1      | Lochraine the Hill Orc Monk began the quest for the Orb.
     0 | D:1      | Reached XP level 1. HP: 19/19 MP: 1/1
   161 | D:1      | Reached XP level 2. HP: 23/27 MP: 2/2
   465 | D:1      | Reached XP level 3. HP: 26/34 MP: 3/3
  1211 | D:2      | Reached skill level 5 in Axes
  1518 | D:2      | Found a sacrificial altar of Ru.
  1615 | D:2      | Reached skill level 1 in Armour
  1615 | D:2      | Reached XP level 4. HP: 41/41 MP: 4/4
  2086 | D:3      | Found a stormy altar of Qazlal.
  2096 | D:3      | Found a radiant altar of Vehumet.
  2097 | D:3      | Found a shadowy altar of Dithmenos.
  2101 | D:3      | Found a bloodstained altar of Trog.
  2112 | D:3      | HP: 2/41 [poisoned by kobold (curare-tipped needle)]
  2113 | D:3      | Succumbed to kobold's curare-tipped needle

Vault maps used:
D:1:      minmay_arrival_nine_rooms
D:2:      hangedman_ru_absence
D:3:      nicolae_qazlal_general_emergency, brannock_xom_greatest_gift,
          grunt_temple_overflow_open, cheibriados_altar_1

Skill      XL: |  1  2  3 |
---------------+----------+-----
Fighting       | 4 |  4.6
Axes           | 5 |  5.7
Armour         | 1 |  1.4
Dodging        | |  2.4
Stealth        | |  1.5

Action                   |  1- 3 |  4- 6 || total
-------------------------+-------+-------++-------
Melee: Hand axe          |   152 |    67 ||   219
  Use: Potion            |       |     5 ||     5
  Eat: Chunk             |     2 |     2 ||     4
Armor: Leather armour    |    13 |       ||    13
       Robe              |     1 |       ||     1
       Plate armour      |    88 |    49 ||   137
Dodge: Dodged            |    72 |    20 ||    92
